 Dungeon Crawl Stone Soup version 0.29.0-13-gc9e81de378 (webtiles) character file.

Game seed: 10552808358397475747

25 concernfroge the Trooper (level 2, 0/25 HPs)
             Began as a Mummy Monk on Sept 10, 2022.
             Slain by a goblin
             ... wielding a +0 dagger
             ... led by Robin
              (1 damage)
             ... on level 2 of the Dungeon.
             The game lasted 00:02:08 (1583 turns).

concernfroge the Trooper (Mummy Monk)               Turns: 1583, Time: 00:02:10

Health: 0/25       AC:  2    Str: 14    XL:     2   Next: 86%
Magic:  2/2        EV: 12    Int:  9    God:
Gold:   64         SH:  0    Dex: 14    Spells: 1/1 levels left

rFire   x . .      SeeInvis .   g - +0 spear (vamp)
rCold   + . .      Faith    .   (no shield)
rNeg    + + +      Spirit   .   b - +0 robe
rPois   ∞          Reflect  .   (no helmet)
rElec   .          Harm     .   (no cloak)
rCorr   .          Rampage  .   (no gloves)
Will    .....                   (no boots)
Stlth   ++........              (no amulet)
HPRegen 0.08/turn               (no ring)
MPRegen 0.08/turn               (no ring)

@: no status effects
A: cold resistance 1, negative energy resistance 3, torment resistance 2, heat
vulnerability 1, no potions
a: no special abilities


You were on level 2 of the Dungeon.
You visited 1 branch of the dungeon, and saw 2 of its levels.

You collected 64 gold pieces.

Inventory:

Hand Weapons
 g - a +0 vampiric spear (weapon)
Missiles
 d - 2 poisoned darts (quivered)
Armour
 b - a +0 robe (worn)
Scrolls
 c - 2 scrolls of enchant weapon {unknown}


   Skills:
 + Level 4.1 Fighting
 - Level 2.4 Polearms
 - Level 2.4 Dodging
 - Level 1.5 Stealth


You had one spell level left.
You didn't know any spells.
Your spell library contained the following spells:

 Spells                   Type           Power      Damage    Failure   Level
 Blink                    Tloc           0%         N/A       52%         2
 Lesser Beckoning         Tloc           0%         N/A       77%         3
 Ozocubu's Armour         Ice            0%         N/A       77%         3
 Manifold Assault         Tloc           0%         N/A       100%        5
 Metabolic Englaciation   Hex/Ice        0%         N/A       100%        5
 Simulacrum               Ice/Necr       0%         N/A       100%        6


Dungeon Overview and Level Annotations

Branches:
Dungeon (2/15)

Altars:

Annotations:
D:2 Robin


Innate Abilities, Weirdness & Mutations

You are immune to poison.
Your flesh is cold resistant. (rC+)
You are immune to negative energy. (rN+++)
You are immune to unholy pain and torment.
You are vulnerable to heat. (rF-)
You do not drink.


Message History

You hit the goblin.
You feel better.
The goblin is heavily wounded.
The goblin closely misses you. Robin throws the goblin at you!
The goblin closely misses you.
You hit the goblin.
You feel better.
The goblin is moderately wounded.
The goblin hits you but does no damage. Robin throws the goblin at you!
The goblin hits you with a +0 dagger.
The goblin hits you with a +2 dagger of draining.
You hit the goblin.
You feel better.
You kill the goblin!
The goblin hits you with a +0 dagger. Robin throws the goblin at you!
The goblin closely misses you. The goblin hits you with a +0 dagger.
You hit the goblin.
You feel better.
You kill the goblin!
The goblin barely misses you. Robin throws the goblin at you!
The goblin barely misses you. The goblin hits you with a +0 dagger.
The air fills with toxic fumes!
As you read the scroll labelled UGENIE BIYRE, it crumbles to dust.
It was a scroll of poison.
The goblin hits you with a +0 dagger. Robin hits you but does no damage.
The goblin hits you with a +0 dagger. The goblin barely misses you.
You hit the goblin.
You feel better.
The goblin is heavily wounded.
The goblin hits you with a +0 dagger. Robin hits you but does no damage.
The goblin hits you but does no damage. The goblin hits you with a +0 dagger.
You hit the goblin.
The goblin is severely wounded.
The goblin closely misses you.
Robin's horned helmet rattles.
Robin closely misses you. The goblin hits you but does no damage.
The goblin closely misses you.
You hit the goblin but do no damage.
The goblin is severely wounded.
The goblin hits you with a +0 dagger.
* * * LOW HITPOINT WARNING * * *
The goblin hits you with a +0 dagger.
* * * LOW HITPOINT WARNING * * *
The goblin hits you with a +0 dagger.
You die...

####### #gg§§§#
# #@# ..#g### ##
....g.g§§$?...>#
.....g#§§§..##.#
....§§##§§§.# .#
...§§ §#§###.#
..§§§ §#§§..?#
###§ §####..# #.
.#<...##


You could see Robin and 4 goblins.

Vanquished Creatures
  A dart slug (D:1)
  2 ball pythons (D:1)
  2 endoplasms (D:1)
  2 giant cockroaches (D:1)
  5 goblins
  A kobold (D:1)
  A quokka (D:1)
  3 bats (D:1)
  3 frilled lizards (D:1)
  A rat (D:1)
21 creatures vanquished.

Notes
Turn   | Place    | Note
-------+----------+-------------------------------------------
     0 | D:1      | concernfroge the Mummy Monk began the quest for the Orb.
     0 | D:1      | Reached XP level 1. HP: 18/18 MP: 1/1
   470 | D:1      | Reached XP level 2. HP: 18/24 MP: 2/2
  1043 | D:1      | Reached skill level 4 in Fighting
  1573 | D:2      | Identified the +2 helmet of Courage {Int+2}
  1573 | D:2      | Noticed Robin
  1583 | D:2      | HP: 1/25 [goblin/+0 dagger[Robin] (4)]
  1583 | D:2      | Slain by a goblin

Illustrated notes

Levels and vault maps discovered:
D:1:      amcnicky_arrival_double_pillar, layout_basic
D:2:      layout_basic, minmay_divided_ellipse, uniq_robin

Skill      XL: |  1  2 |
---------------+-------+-----
Fighting       | 4 |  4.1
Polearms       | |  2.4
Dodging        | |  2.4
Stealth        | |  1.5

Action                   || total
-------------------------++-------
Melee: Spear             ||    84
       Punch             ||     2
Throw: Dart              ||     1
  Use: Scroll            ||     2
 Stab: Sleeping          ||     8
Armor: Robe              ||    16
Dodge: Dodged            ||    50
